Map: Romanticide LE

Players

Geralt (Gerald)

  • Race: Protoss Protoss
  • League: Grandmaster
  • Spawn Location: 11:00

SKillous - Winner!

  • Race: Protoss Protoss
  • League: Grandmaster
  • Spawn Location: 5:00

Event: StayAtHome Story Cup #3

VOD

Have the link to the VOD?

Description

Time

  • Played on: March 11, 2021, 10 a.m.
  • Length: 20:06

All games in this series

Show
View Real Time Build Order
Export as new Build Order

Geralt Protoss 

Build Orders:  

Get SALT Encoding   

  12  0:00  Probe  
  13  0:12  Probe  
  14  0:17  Pylon  
  14  0:24  Probe (Chrono Boost)  
  16  0:36  Probe (Chrono Boost)  
  16  0:37  Gateway  
  16  0:43  Probe (Chrono Boost)  
  16  0:46  Assimilator  
  17  0:51  Probe  
  17  0:54  Assimilator  
  18  1:03  Probe (Chrono Boost)  
  19  1:12  Probe (Chrono Boost)  
  19  1:13  Gateway  
  19  1:17  Probe (Chrono Boost)  
  21  1:28  Cybernetics Core  
  21  1:29  Probe  
  22  1:36  Pylon  
  22  1:45  Probe  
  23  1:57  Probe  
  24  2:05  Stalker x2, Warp Gate (Chrono Boost)  
  28  2:09  Probe  
  29  2:25  Pylon  
  29  2:30  Probe  
  29  2:33  Pylon  
  29  2:39  Sentry  
  29  2:44  Probe  
  32  2:55  Nexus  
  32  2:56  Probe  
  33  2:59  Shield Battery  
  33  3:08  Probe  
  33  3:10  Stalker  
  36  3:14  Pylon  
  36  3:20  Probe  
  36  3:25  Twilight Council  
  37  3:32  Probe  
  38  3:37  Forge  
  35  3:49  Pylon  
  35  3:55  Stalker  
  37  3:56  Stalker  
  37  4:01  Probe (Chrono Boost)  
  41  4:11  Probe (Chrono Boost)  
  41  4:13  Probe (Chrono Boost)  
  41  4:14  Blink  
  41  4:16  Protoss Ground Weapons Level 1  
  42  4:22  Probe (Chrono Boost)  
  42  4:23  Probe (Chrono Boost)  
  44  4:30  Probe (Chrono Boost)  
  46  4:32  Probe (Chrono Boost)  
  46  4:35  Sentry  
  49  4:40  Probe (Chrono Boost)  
  49  4:41  Probe (Chrono Boost), Robotics Facility  
  49  4:45  Probe (Chrono Boost)  
  50  4:47  Probe (Chrono Boost)  
  52  4:54  Probe, Assimilator  
  53  5:00  Adept x2  
  53  5:06  Probe  
  58  5:07  Probe  
  59  5:15  Nexus  
  59  5:19  Probe, Pylon  
  60  5:23  Stalker  
  62  5:30  Observer  
  62  5:32  Stalker  
  62  5:33  Probe  
  66  5:35  Probe  
  66  5:37  Pylon  
  67  5:45  Probe  
  68  5:50  Immortal (Chrono Boost), Stalker  
  72  5:57  Probe  
  72  5:58  Stalker  
  72  5:59  Probe  
  74  6:05  Shield Battery  
  74  6:09  Probe, Gateway  
  74  6:10  Gateway  
  75  6:13  Probe  
  76  6:20  Protoss Ground Weapons Level 2 (Chrono Boost)  
  76  6:23  Probe (Chrono Boost)  
  76  6:25  Probe (Chrono Boost)  
  78  6:28  Gateway  
  79  6:33  Probe (Chrono Boost), Gateway  
  79  6:34  Observer  
  79  6:37  Probe (Chrono Boost)  
  79  6:38  Probe (Chrono Boost)  
  79  6:39  Charge  
  83  6:41  Probe (Chrono Boost)  
  83  6:45  Pylon  
  84  6:48  Probe (Chrono Boost)  
  84  6:49  Probe (Chrono Boost)  
  84  6:50  Probe (Chrono Boost), Stalker x2  
  84  6:52  Observer  
  90  6:55  Assimilator  
  90  6:57  Probe  
  91  7:03  Dark Shrine  
  91  7:04  Probe, Pylon  
  92  7:09  Gateway  
  92  7:13  Gateway  
  92  7:17  Zealot x4  
  99  7:30  Nexus  
  99  7:31  Observer  
  99  7:33  Pylon  
  99  7:36  Observer  
  100  7:39  Observer  
  100  7:40  Zealot x2  
  100  7:41  Zealot x3  
  110  7:56  Warp Prism  
  112  8:02  Photon Cannon  
  112  8:07  Probe x3  
  112  8:08  Pylon  
  115  8:18  Dark Templar  
  115  8:19  Probe x2, Dark Templar x3  
  125  8:24  Pylon  
  125  8:25  Protoss Ground Weapons Level 3 (Chrono Boost)  
  124  8:27  Photon Cannon  
  124  8:28  Archon  
  124  8:29  Archon  
  124  8:33  Probe  
  125  8:34  Stalker x4  
  125  8:36  Photon Cannon  
  125  8:38  Pylon  
  133  8:42  Assimilator  
  129  8:53  Stalker x4  
  135  8:56  Probe  
  135  8:57  Probe x2  
  138  9:04  Immortal  
  133  9:26  Stalker x2  
  133  9:27  Stalker x2  
  133  9:30  Probe x2  
  141  9:35  Photon Cannon  
  141  9:36  Shield Battery  
  131  9:43  Immortal  
  115  9:50  Stalker x4  
  115  9:51  Zealot x4  
  127  9:54  Assimilator  
  127  9:55  Pylon  
  121  10:10  Probe (Chrono Boost)  
  121  10:12  Stalker x4  
  121  10:13  Probe (Chrono Boost)  
  129  10:16  Zealot x4  
  129  10:17  Robotics Bay  
  129  10:19  Probe x2 (Chrono Boost)  
  129  10:20  Immortal (Chrono Boost)  
  136  10:22  Probe (Chrono Boost)  
  136  10:23  Probe (Chrono Boost)  
  136  10:26  Probe (Chrono Boost), Photon Cannon, Shield Battery  
  136  10:27  Probe (Chrono Boost)  
  141  10:30  Probe  
  141  10:31  Probe, Assimilator  
  141  10:34  Photon Cannon, Assimilator  
  144  10:42  Probe  
  145  10:48  Probe x2  
  145  10:49  Probe  
  148  10:50  Nexus  
  148  10:52  Observer (Chrono Boost), Robotics Facility  
  149  10:58  Shadow Stride (Chrono Boost)  
  149  10:59  Pylon  
  149  11:05  Pylon  
  149  11:10  Photon Cannon  
  149  11:11  Pylon  
  149  11:12  Pylon  
  149  11:13  Gateway, Shield Battery  
  149  11:22  Disruptor (Chrono Boost)  
  149  11:23  Protoss Shields Level 1 (Chrono Boost), Stalker x2  
  149  11:24  Stalker x3  
  148  11:28  Gravitic Boosters  
  147  11:35  Robotics Facility  
  147  11:42  Nexus  
  147  11:45  Pylon  
  150  11:49  Disruptor (Chrono Boost)  
  150  11:55  Dark Templar x4  
  150  12:00  Observer (Chrono Boost)  
  158  12:04  Photon Cannon  
  158  12:05  Shield Battery  
  158  12:08  Pylon  
  158  12:09  Photon Cannon x2  
  158  12:10  Pylon  
  158  12:11  Shield Battery  
  158  12:12  Shield Battery  
  158  12:13  Pylon  
  161  12:16  Disruptor (Chrono Boost)  
  161  12:19  Disruptor (Chrono Boost)  
  163  12:24  Dark Templar x3  
  163  12:29  Dark Templar  
  171  12:31  Probe  
  171  12:32  Disruptor  
  175  12:39  Disruptor  
  178  12:50  Stalker x2  
  178  12:51  Stalker x3  
  188  12:58  Probe x3  
  189  13:01  Probe  
  189  13:03  Photon Cannon  
  190  13:06  Photon Cannon  
  190  13:07  Photon Cannon  
  190  13:12  Probe  
  191  13:13  Probe  
  191  13:14  Unknown  
  191  13:17  Archon x2  
  191  13:18  Archon  
  191  13:19  Archon  
  192  13:32  Probe  
  192  13:33  Observer  
  193  13:35  Photon Cannon x2  
  193  13:37  Photon Cannon  
  193  13:40  Photon Cannon  
  185  13:47  Disruptor  
  186  13:55  Dark Templar x7  
  200  14:04  Gateway  
  200  14:05  Gateway  
  200  14:11  Gateway  
  198  14:21  Stalker x2  
  178  14:32  Disruptor  
  178  14:33  Disruptor  
  174  14:41  Nexus  
  174  14:44  Nexus  
  172  14:47  Photon Cannon, Disruptor  
  172  14:48  Photon Cannon x2  
  172  14:49  Photon Cannon  
  173  14:54  Pylon  
  171  15:08  Disruptor (Chrono Boost)  
  150  15:20  Stalker x10  
  169  15:35  Observer (Chrono Boost)  
  170  15:42  Observer x2 (Chrono Boost)  
  171  15:48  Nexus  
  171  15:51  Photon Cannon x2  
  171  15:52  Photon Cannon  
  171  15:54  Disruptor  
  171  15:56  Pylon  
  173  15:58  Pylon  
  173  15:59  Pylon  
  155  16:12  Disruptor  
  156  16:18  Probe  
  156  16:19  Probe x2  
  151  16:25  Dark Templar  
  151  16:26  Dark Templar x4, Stalker x3  
  151  16:30  Stalker  
  151  16:31  Stalker  
  171  16:35  Photon Cannon  
  171  16:38  Pylon  
  156  16:58  Probe  
  156  17:08  Dark Templar x4  
  155  17:09  Dark Templar x4  
  132  17:38  Disruptor (Chrono Boost)  
  132  17:39  Disruptor (Chrono Boost)  
  139  17:45  Disruptor (Chrono Boost), Nexus  
  139  17:56  Observer  
  139  18:04  Nexus  
  139  18:10  Disruptor (Chrono Boost)  
  142  18:15  Disruptor (Chrono Boost)  
  141  18:33  Disruptor  
  144  18:40  Disruptor  
  147  18:42  Nexus  
  147  18:46  Photon Cannon  
  147  18:47  Photon Cannon  
  147  18:50  Photon Cannon  
  147  18:53  Pylon  
  147  18:56  Disruptor  
  150  19:06  Dark Templar x3  
  142  19:22  Stalker  
  142  19:23  Stalker x3  
  130  19:35  Probe  
  97  19:44  Stalker x4  
  90  19:49  Probe  
Show
View Real Time Build Order
Export as new Build Order

SKillous Protoss - Winner!

Build Orders: Blink Stalkers 

Get SALT Encoding   

  12  0:00  Probe  
  13  0:12  Probe  
  14  0:17  Pylon  
  14  0:24  Probe (Chrono Boost)  
  15  0:36  Probe (Chrono Boost)  
  15  0:37  Gateway  
  16  0:45  Probe (Chrono Boost)  
  16  0:46  Assimilator  
  17  0:50  Probe  
  17  0:55  Assimilator  
  18  1:03  Probe (Chrono Boost)  
  20  1:12  Probe (Chrono Boost)  
  20  1:13  Gateway  
  20  1:17  Probe (Chrono Boost)  
  21  1:26  Cybernetics Core  
  21  1:30  Probe  
  22  1:38  Pylon  
  22  1:42  Probe  
  23  1:56  Probe  
  24  2:03  Stalker  
  24  2:04  Stalker  
  24  2:06  Warp Gate  
  28  2:08  Probe  
  29  2:16  Pylon  
  29  2:23  Pylon  
  29  2:33  Stalker  
  29  2:36  Stalker  
  33  2:57  Nexus  
  33  3:00  Probe  
  33  3:04  Sentry  
  36  3:07  Sentry  
  36  3:12  Probe  
  38  3:17  Twilight Council  
  38  3:24  Pylon  
  38  3:27  Probe  
  39  3:42  Probe  
  40  3:56  Probe (Chrono Boost)  
  40  3:57  Blink  
  41  4:06  Probe (Chrono Boost)  
  41  4:09  Forge  
  43  4:11  Probe (Chrono Boost)  
  43  4:15  Probe (Chrono Boost), Stalker  
  46  4:17  Stalker  
  46  4:19  Probe (Chrono Boost)  
  46  4:23  Probe (Chrono Boost)  
  50  4:27  Probe (Chrono Boost)  
  52  4:31  Probe (Chrono Boost)  
  52  4:35  Probe (Chrono Boost), Protoss Ground Weapons Level 1 (Chrono Boost)  
  54  4:40  Probe (Chrono Boost)  
  54  4:41  Probe (Chrono Boost)  
  55  4:51  Probe  
  55  4:52  Probe  
  57  4:56  Nexus  
  57  4:58  Pylon  
  57  5:03  Probe  
  57  5:05  Robotics Facility  
  58  5:07  Probe  
  58  5:09  Assimilator  
  59  5:18  Gateway  
  59  5:19  Gateway  
  59  5:20  Probe  
  60  5:22  Probe  
  60  5:26  Stalker  
  63  5:30  Stalker  
  63  5:33  Probe  
  67  5:37  Pylon  
  67  5:40  Shield Battery  
  65  5:45  Probe  
  64  5:53  Probe  
  64  5:55  Observer  
  65  5:58  Probe (Chrono Boost)  
  65  6:03  Resonating Glaives  
  66  6:07  Gateway x2  
  66  6:09  Probe x2 (Chrono Boost)  
  69  6:15  Shield Battery  
  69  6:16  Probe (Chrono Boost)  
  71  6:18  Probe (Chrono Boost)  
  71  6:19  Observer  
  71  6:20  Probe (Chrono Boost)  
  71  6:21  Protoss Ground Weapons Level 2 (Chrono Boost)  
  71  6:23  Probe (Chrono Boost)  
  71  6:25  Probe (Chrono Boost)  
  74  6:30  Probe (Chrono Boost)  
  75  6:33  Assimilator  
  75  6:37  Gateway  
  75  6:39  Gateway  
  78  6:40  Probe x3 (Chrono Boost)  
  78  6:41  Pylon  
  78  6:43  Observer  
  78  6:44  Observer  
  78  6:46  Probe  
  80  6:49  Stalker  
  80  6:50  Probe, Stalker  
  80  6:53  Stalker  
  87  6:55  Probe  
  87  6:59  Probe  
  89  7:02  Probe  
  89  7:07  Stalker x3  
  96  7:15  Pylon  
  96  7:18  Nexus  
  96  7:32  Stalker x2  
  96  7:36  Probe x3, Pylon x2  
  103  7:37  Stalker x2  
  103  7:41  Observer  
  107  7:50  Probe  
  107  7:51  Shield Battery  
  108  7:52  Shield Battery  
  108  7:53  Probe  
  108  7:54  Pylon, Shield Battery  
  108  7:55  Probe  
  110  8:02  Probe  
  110  8:04  Stalker x5  
  120  8:10  Pylon  
  120  8:14  Photon Cannon  
  120  8:15  Probe x3  
  120  8:17  Photon Cannon  
  123  8:28  Pylon  
  123  8:29  Stalker x3  
  129  8:34  Assimilator  
  129  8:37  Pylon  
  129  8:40  Stalker x2  
  133  8:50  Adept x3  
  133  8:51  Protoss Ground Weapons Level 3 (Chrono Boost)  
  133  8:54  Adept x3  
  143  8:57  Shield Battery  
  143  8:59  Pylon  
  143  9:07  Adept x2  
  147  9:14  Adept x4  
  147  9:15  Adept x2  
  155  9:19  Observer  
  148  9:27  Probe  
  149  9:31  Charge  
  149  9:33  Forge  
  149  9:35  Nexus  
  149  9:37  Pylon  
  139  9:39  Stalker x3  
  139  9:40  Stalker  
  139  9:47  Stalker x3  
  139  9:49  Stalker  
  145  9:54  Pylon  
  143  10:04  Probe  
  142  10:09  Dark Shrine  
  142  10:16  Protoss Ground Armor Level 1 (Chrono Boost)  
  142  10:18  Probe x2  
  142  10:20  Probe, Assimilator  
  142  10:21  Photon Cannon  
  137  10:22  Photon Cannon  
  137  10:29  Gateway  
  137  10:33  Gateway x2  
  137  10:35  Observer (Chrono Boost), Gateway  
  138  10:42  Probe x2, Assimilator  
  140  10:43  Probe x2, Photon Cannon  
  140  10:47  Photon Cannon  
  140  10:48  Photon Cannon  
  140  10:49  Shield Battery  
  142  10:51  Pylon  
  142  10:52  Observer, Photon Cannon  
  142  10:54  Probe x3  
  142  10:55  Shield Battery  
  146  10:57  Stalker x4  
  146  11:00  Probe  
  155  11:12  Protoss Shields Level 1 (Chrono Boost)  
  155  11:14  Pylon  
  155  11:15  Probe  
  155  11:20  Shadow Stride (Chrono Boost)  
  155  11:21  Stalker x6  
  162  11:27  Probe  
  164  11:33  Observer (Chrono Boost)  
  164  11:39  Probe, Robotics Bay  
  164  11:42  Photon Cannon, Robotics Facility  
  164  11:45  Observer (Chrono Boost), Photon Cannon  
  164  11:46  Photon Cannon  
  165  11:47  Robotics Facility  
  165  11:48  Shield Battery  
  165  11:50  Photon Cannon, Pylon  
  165  12:00  Dark Templar  
  167  12:01  Dark Templar x4  
  167  12:05  Observer  
  176  12:12  Zealot x6  
  176  12:13  Assimilator  
  176  12:14  Assimilator  
  188  12:16  Protoss Ground Armor Level 2 (Chrono Boost)  
  188  12:28  Gravitic Boosters  
  188  12:30  Gateway  
  188  12:31  Observer  
  188  12:32  Gateway  
  188  12:34  Gateway  
  187  12:38  Gateway  
  172  12:58  Dark Templar x7  
  186  13:04  Observer  
  187  13:06  Dark Templar  
  187  13:07  Zealot x4, Protoss Shields Level 2 (Chrono Boost)  
  197  13:25  Nexus  
  197  13:26  Pylon  
  197  13:35  Pylon  
  174  13:55  Observer  
  174  13:56  Photon Cannon  
  174  13:58  Photon Cannon  
  174  14:00  Photon Cannon  
  174  14:02  Photon Cannon  
  174  14:03  Photon Cannon, Dark Templar x4  
  174  14:04  Dark Templar x5  
  174  14:05  Photon Cannon  
  174  14:08  Photon Cannon  
  174  14:09  Observer  
  192  14:10  Shield Battery  
  192  14:12  Shield Battery  
  192  14:15  Shield Battery x2  
  192  14:17  Shield Battery  
  192  14:20  Unknown  
  186  14:25  Pylon  
  154  14:31  Dark Templar x5  
  154  14:33  Zealot x2  
  158  14:44  Protoss Ground Armor Level 3 (Chrono Boost)  
  151  14:45  Observer  
  151  14:50  Zealot x6  
  151  14:51  Zealot x3  
  162  15:11  Zealot x2  
  162  15:12  Zealot x13  
  158  15:25  Probe x3  
  159  15:36  Dark Templar x3, Protoss Shields Level 3 (Chrono Boost)  
  159  15:38  Nexus  
  159  15:39  Pylon  
  165  15:49  Observer  
  166  15:54  Dark Templar x4  
  174  15:58  Dark Templar x2  
  156  16:14  Dark Templar x2  
  156  16:15  Dark Templar x4  
  162  16:20  Observer  
  162  16:24  Dark Templar  
  165  16:32  Dark Templar  
  167  16:35  Nexus  
  167  16:36  Pylon  
  148  17:03  Zealot x15  
  180  17:08  Observer x2  
  180  17:09  Observer  
  159  17:28  Zealot x5  
  159  17:29  Zealot x11  
  168  17:30  Observer  
  147  17:54  Photon Cannon  
  147  17:55  Shield Battery, Dark Templar x3  
  147  17:56  Pylon, Dark Templar x7  
  167  17:59  Dark Templar  
  169  18:10  Dark Templar x4  
  169  18:11  Dark Templar  
  157  18:40  Stalker x11  
  179  18:43  Stalker x4  
  187  18:50  Photon Cannon  
  187  18:52  Photon Cannon  
  189  18:55  Observer  
  189  18:56  Observer x2  
  190  19:08  Stalker x5  
  192  19:20  Observer  
  181  19:25  Observer  
  174  19:35  Stalker x16  
  163  20:03  Zealot x8  
Tags
 
Add a new tag
Caveats
  • Supply blocks, unpowered buildings, or Contaminate may cause inaccurate times.
  • Supply counts are checked every 10 seconds.